 Dungeon Crawl Stone Soup version 0.23-b1-75-g379dba2534 (webtiles) character file.

Game seed: 10933924958426818817

338 Esekla the Stinger (level 6, 0/44 HPs)
             Began as a Formicid Wanderer on Feb 6, 2019.
             Slain by an adder (1 damage)
             ... in a sewer.
             The game lasted 00:28:15 (3299 turns).

Esekla the Stinger (Formicid Wanderer)              Turns: 3299, Time: 00:28:16

Health: 0/44       AC: -1    Str: 20    XL:     6   Next: 85%
Magic:  6/9        EV: 12    Int: 15    God:
Gold:   106        SH:  0    Dex:  9    Spells: 5/10 levels left

rFire    . . .     SeeInvis +   g - +2 dagger (vamp)
rCold    . . .     Gourm    .   (no shield)
rNeg     . . .     Faith    .   e - +0 robe
rPois    .         Spirit   .   (helmet unavailable)
rElec    .         Reflect  .   (no cloak)
rCorr    .         Harm     .   (no gloves)
MR       .....                  (no boots)
Stlth    ++........             (no amulet)
HPRegen  0.14/turn              h - +4 ring of strength
MPRegen  0.11/turn              k - -3 ring of protection (curse)

@: lethally poisoned (0 -> -8)
A: permanent stasis, dig shafts and tunnels, four strong arms, antennae 3
a: Dig, Shaft Self


You were in a sewer.
You were hungry.

You visited 1 branch of the dungeon, and saw 3 of its levels.
You also visited: Sewer.

You collected 106 gold pieces.

Inventory:

Hand Weapons
 a - a +2 dagger
 g - a +2 vampiric dagger (weapon)
 i - a +2 dagger of speed
Armour
 e - a +0 robe (worn)
 m - a +0 buckler
Jewellery
 h - a +4 ring of strength (left hand)
 k - a cursed -3 ring of protection (right hand)
 l - an uncursed ring of fire
Scrolls
 c - 3 scrolls of identify
 d - a scroll of noise {unknown}
 n - 2 scrolls of enchant weapon {unknown}
 p - a scroll of remove curse {unknown}
 q - a scroll of amnesia {unknown}
Potions
 b - a potion of heal wounds
 j - a potion of flight


   Skills:
 + Level 1.7 Fighting
 + Level 1.5 Short Blades
 + Level 1.2 Dodging
 + Level 2.1 Stealth
 + Level 1.2 Shields
 + Level 2.6 Spellcasting
 * Level 2.2 Conjurations
   Level 3.0 Summonings
   Level 1.0 Necromancy
 + Level 1.0 Translocations
 * Level 1.5 Air Magic
 + Level 5.2 Poison Magic


You had 5 spell levels left.
You knew the following spells:

 Your Spells              Type           Power        Failure   Level  Hunger
a - Apportation           Tloc           #.....       14%         1    #......
b - Sting                 Conj/Pois      ##..         4%          1    #......
c - Mephitic Cloud        Conj/Pois/Air  ##......     19%         3    ###....

Your spell library contained the following spells:

 Spells                   Type           Power        Failure   Level  Hunger
 Gell's Gravitas          Tloc           #.........   38%         3    ###....


Dungeon Overview and Level Annotations

Branches:
Dungeon (3/15)

Altars:
Makhleb


Innate Abilities, Weirdness & Mutations

You cannot be hasted, slowed, berserked, paralysed or teleported.
You can dig through walls and to a lower floor.
Your four strong arms can wield two-handed weapons with a shield.
You have a pair of large antennae on your head. (SInv)


Message History

The adder is severely wounded.
* * * LOW HITPOINT WARNING * * *
You feel sick. The adder bites you.
* * * LOW HITPOINT WARNING * * *
The kobold barely misses you. The adder barely misses you.
Casting: Sting (safe; 4% risk of failure)
Confirm with . or Enter, or press ? or * to list all spells.
Aiming: Sting (safe; 4% risk of failure)
Press: ? - help, Shift-Dir - straight line, f/p - adder
Aim: an adder (severely wounded)
The sting hits the adder.
The adder is almost dead.
* * * LOW HITPOINT WARNING * * *
You feel sick. The adder barely misses you. The kobold hits you with a +0 whip.
* * * LOW HITPOINT WARNING * * *
You barely miss the adder.
The adder is almost dead.
* * * LOW HITPOINT WARNING * * *
You feel sick. The adder bites you.
You die...

.≈....≈≈≈.≈≈#
≈.∩.∩.≈≈≈≈.≈#
.≈....≈.≈≈≈≈#
≈...≈...≈≈≈≈## ##
...≈≈.≈.≈..≈≈## #####≈≈≈≈
.≈≈≈.≈≈≈##.≈≈≈####≈≈≈≈≈#
≈≈≈≈≈.≈####.≈≈≈..≈≈###≈≈≈≈
≈.≈≈.≈.# #≈≈≈≈≈≈K≈# ###
≈≈≈≈.≈≈≈ ##≈.≈≈@S≈###≈≈S≈.
.≈≈≈≈..≈ #######≈≈≈≈≈#
.#####. #####≈≈≈≈. ###


You could see an adder and a kobold.

Vanquished Creatures
  2 big kobolds (Sewer)
  A hound (D:3)
  7 adders
  A river rat (Sewer)
  2 oozes (Sewer)
  4 worms
  2 dart slugs (D:1)
  2 leopard geckos (D:2)
  9 orcs
  7 ball pythons
  4 bats
  2 giant cockroaches (D:3)
  5 goblins
  3 hobgoblins
  6 jackals
  4 kobolds
  A quokka (D:2)
  A frilled lizard (D:2)
  7 rats
70 creatures vanquished.

Notes
Turn   | Place    | Note
-------+----------+-------------------------------------------
     0 | D:1      | Esekla the Formicid Wanderer began the quest for the Orb.
     0 | D:1      | Esekla set off with the following items: a +2 dagger, a
                  | potion of heal wounds, a +0 robe, a ration; and the
                  | following spells available to memorise: Sting, Apportation,
                  | Mephitic Cloud, Gell's Gravitas
     0 | D:1      | Reached XP level 1. HP: 13/13 MP: 2/2
     2 | D:1      | Learned a level 1 spell: Apportation
     4 | D:1      | Learned a level 1 spell: Sting
   347 | D:1      | Reached XP level 2. HP: 17/19 MP: 4/4
   646 | D:1      | Reached XP level 3. HP: 24/24 MP: 1/5
   739 | D:1      | Reached skill level 1 in Translocations
   755 | D:1      | Learned a level 3 spell: Mephitic Cloud
  1083 | D:2      | Reached skill level 1 in Conjurations
  1119 | D:2      | Reached XP level 4. HP: 21/31 MP: 4/7
  1557 | D:3      | Found a burning altar of Makhleb.
  1574 | D:3      | Reached skill level 1 in Air Magic
  1574 | D:3      | Reached XP level 5. HP: 2/36 MP: 6/8
  1871 | D:3      | Reached skill level 1 in Short Blades
  1935 | D:3      | Found a glowing drain.
  1952 | Sewer    | Entered a sewer
  2032 | Sewer    | Reached skill level 1 in Fighting
  2452 | Sewer    | Noticed a big kobold
  2487 | Sewer    | HP: 1/37 [big kobold/+0 short sword (5)]
  2495 | Sewer    | Killed a big kobold
  2495 | Sewer    | Reached skill level 5 in Poison Magic
  2495 | Sewer    | Reached XP level 6. HP: 14/43 MP: 3/9
  2717 | Sewer    | Reached skill level 1 in Dodging
  3298 | Sewer    | HP: 2/44 [kobold/+0 whip (6)]
  3299 | Sewer    | Slain by an adder

Skill      XL: |  1  2  3  4  5  6 |
---------------+-------------------+-----
Translocations | 1 |  1.0
Conjurations   | 1 2 |  2.2
Spellcasting   | 2 |  2.6
Stealth        | 2 |  2.1
Air Magic      | 1 |  1.5
Short Blades   | 1 |  1.5
Fighting       | 1 |  1.7
Poison Magic   | 5 |  5.2
Dodging        | 1 |  1.2
Shields        | |  1.2
Summonings     | |  3.0
Necromancy     | |  1.0

Action                   |  1- 3 |  4- 6 || total
-------------------------+-------+-------++-------
Melee: Dagger            |    79 |   129 ||   208
 Cast: Sting             |    20 |    63 ||    83
       Mephitic Cloud    |       |     2 ||     2
  Use: Scroll            |     4 |     2 ||     6
       Potion            |       |     4 ||     4
 Stab: Sleeping          |     3 |     2 ||     5
  Eat: Ration            |     2 |     2 ||     4
Armor: Robe              |    10 |       ||    10
Dodge: Dodged            |    43 |    89 ||   132
